 Dungeon Crawl Stone Soup version 0.18-b1-16-g289874d (webtiles) character file.

538709 Chiseanne the Sorcerer (level 25, -3/233 HPs)
             Began as a Demonspawn Wizard on May 1, 2016.
             Was an Elder of Vehumet.
             Slain by a bennu (6 damage)
             ... on level 13 of a ziggurat.
             The game lasted 09:02:32 (96619 turns).

Chiseanne the Sorcerer (Demonspawn Wizard)         Turns: 96619, Time: 09:02:33

Health: -3/233     AC: 13    Str:  7      XL:     25   Next: 19%
Magic:  0/52       EV: 15    Int: 52 (55) God:    Vehumet [****..]
Gold:   545        SH: 18    Dex: 21 (26) Spells: 13 memorised, 7 levels left

rFire  + . .     SeeInvis +     s - +7 rapier of the Dead {speed, Int+8}
rCold  + + .     Gourm    .     A - +0 leather armour of Philately {rElec rC+ Int+4}
rNeg   + + .     Faith    .     T - +5 shield of Salvation {MR- Int+3 Dex+7}
rPois  +         Spirit   +     (helmet unavailable)
rElec  +         Dismiss  .     m - +1 cloak of the Present {rN+ MR+}
rCorr  .         Reflect  .     Q - +2 pair of gloves {Str+3}
SustAt .         Harm     .     d - +2 pair of boots {run}
MR     ++...                    c - macabre finger necklace {rN+}
Stlth  ++........               M - ring of Heresy {rC- Str-3 Int+10 Dex+7 Stlth-}
                                I - ring "Not Vaph" {Wiz rPois rF+}
                                l - ring of the Pure Wars {rC+ Slay+6 Stlth+}

@: tornado, aura of abjuration, flying (expiring), deflect missiles, quick, very
resistant to hostile enchantments, unstealthy
A: antennae 3, rugged brown scales 2, blurry vision 1, cold resistance 1, magic
resistance 1, robust 3, weak 1, wild magic 1, magic shield, magic regeneration,
magic link, freezing cloud immunity
a: Renounce Religion
}: 2/15 runes: serpentine, barnacled


You were on level 13 of a ziggurat.
You worshipped Vehumet.
Vehumet was greatly pleased with you.
You were not hungry.

You visited 10 branches of the dungeon, and saw 49 of its levels.
You visited the Abyss 2 times.
You visited 1 ziggurat, and saw 13 of its levels.
You also visited: Labyrinth, Ossuary, Bailey, Ice Cave, Volcano and Wizlab.

You collected 32161 gold pieces.
You spent 14314 gold pieces at shops.
You paid 17302 gold pieces to Gozag.

Inventory:

Hand Weapons
 a - the +8 scimitar of Riameka {slice, rElec rC++}
   (You found it on level 5 of the Lair of Beasts)

   It inflicts extra damage upon your enemies.
   It greatly protects you from cold.
   It insulates you from electricity.
 k - the +8 trident of the Octopus King {venom, rElec rPois MR+}
   (You found it on level 12 of a ziggurat)

   It poisons the flesh of those it strikes.
   It insulates you from electricity.
   It protects you from poison.
   It affects your resistance to hostile enchantments.
 s - the +7 rapier of the Dead (weapon) {speed, Int+8}
   (You took it off a yaktaur captain on level 2 of the Vaults)

   Attacks with this weapon are significantly faster.
   It affects your intelligence (+8).
 w - the +8 hunting sling of Nontetz {flame, rF+ Int+2}
   (You bought it in a shop on level 2 of the Orcish Mines)

   It causes projectiles fired from it to burn those they strike, causing extra
   injury to most foes and up to half again as much damage against particularly
   susceptible opponents.
   It affects your intelligence (+2).
   It protects you from fire.
Missiles
 g - 453 sling bullets
 N - 24 throwing nets (quivered)
Armour
 d - a +2 pair of boots of running (worn)
 m - the +1 cloak of the Present (worn) {rN+ MR+}
   (You bought it in a shop on level 15 of the Dungeon)

   It protects you from negative energy.
   It affects your resistance to hostile enchantments.
 A - the +0 leather armour of Philately (worn) {rElec rC+ Int+4}
   (You bought it in a shop on level 12 of the Dungeon)

   It affects your intelligence (+4).
   It protects you from cold.
   It insulates you from electricity.
 Q - a +2 pair of gloves of strength (worn)
 T - the +5 shield of Salvation (worn) {MR- Int+3 Dex+7}
   (You found it on level 8 of the Lair of Beasts)

   It affects your intelligence (+3).
   It affects your dexterity (+7).
   It affects your resistance to hostile enchantments.
Magical Staves
 e - an uncursed staff of power
Jewellery
 c - the macabre finger necklace (around neck) {rN+}
   (You bought it in a shop on level 15 of the Dungeon)

   [amulet of nothing]

   It protects you from negative energy.
 l - the ring of the Pure Wars (on amulet) {rC+ Slay+6 Stlth+}
   (You bought it in a shop on level 15 of the Dungeon)

   [ring of slaying]

   It affects your accuracy and damage with ranged weapons and melee attacks
   (+6).
   It protects you from cold.
   It makes you more stealthy.
 I - the ring "Not Vaph" (left hand) {Wiz rPois rF+}
   (You bought it in a shop on level 12 of the Dungeon)

   [ring of wizardry]

   It improves your spell success rate.
   It protects you from fire.
   It protects you from poison.
 L - the amulet of Retz {Faith -Tele rN+ Int+3, unknown}
   (You found it on level 11 of a ziggurat)

   [amulet of faith]

   It allows you to gain divine favour quickly.
   It affects your intelligence (+3).
   It protects you from negative energy.
   It prevents most forms of teleportation.
 M - the ring of Heresy (right hand) {rC- Str-3 Int+10 Dex+7 Stlth-}
   (You bought it in a shop on level 7 of the Dungeon)

   [ring of loudness]

   It affects your strength (-3).
   It affects your intelligence (+10).
   It affects your dexterity (+7).
   It makes you vulnerable to cold.
   It makes you less stealthy.
Wands
 t - a wand of heal wounds (6/9)
 G - a wand of teleportation (4/9)
 U - a wand of hasting (2/9)
 V - a wand of heal wounds (3/9)
 X - a wand of hasting (2/9)
Scrolls
 h - a scroll of blinking
 i - 2 scrolls of amnesia
 q - 18 scrolls of remove curse
 r - a scroll of fear
 x - a scroll of immolation
 y - 9 scrolls of fog
 C - 3 scrolls of recharging
 J - a scroll of magic mapping
 S - 12 scrolls of teleportation
Potions
 b - 7 potions of flight
 f - 4 potions of magic
 o - 7 potions of resistance
 v - 6 potions of curing
 E - 2 potions of cure mutation
 F - 11 potions of heal wounds
 H - 5 potions of berserk rage
 K - 9 potions of might
 P - 5 potions of haste
 R - 4 potions of agility
Miscellaneous
 j - a box of beasts
 n - a lamp of fire
 p - a sack of spiders {used: 6}
 D - a fan of gales
 O - a phantom mirror
 W - a sack of spiders
 Z - a phial of floods
Comestibles
 u - 20 meat rations
 B - a bread ration


   Skills:
 - Level 8.8 Fighting
 - Level 4.2 Slings
 - Level 4.7 Dodging
 - Level 1.7 Stealth
 - Level 15.0 Shields
 - Level 25.9 Spellcasting
 - Level 12.0 Conjurations
 - Level 7.0 Charms
 - Level 6.0 Summonings
 - Level 0.8 Translocations
 + Level 8.6 Fire Magic
 - Level 11.0 Ice Magic
 - Level 17.7 Air Magic


You had 7 spell levels left.
You knew the following spells:

 Your Spells              Type           Power        Failure   Level  Hunger
a - Spellforged Servitor  Conj/Summ      ########..   1%          7    None
b - Bolt of Cold          Conj/Ice       ########..   1%          6    None
c - Freezing Cloud        Conj/Ice/Air   ########..   1%          6    None
d - Fireball              Conj/Fire      ########..   1%          5    None
e - Orb of Destruction    Conj           ########..   1%          7    None
f - Ring of Flames        Chrm/Fire      ########..   6%          7    None
g - Regeneration          Chrm/Necr      #######...   1%          3    None
h - Tornado               Air            ########..   2%          9    None
i - Aura of Abjuration    Summ           ########..   1%          5    None
j - Passage of Golubria   Tloc           N/A          1%          4    None
k - Apportation           Tloc           #######...   1%          1    None
l - Deflect Missiles      Chrm/Air       ########..   1%          6    None
m - Blink                 Tloc           N/A          1%          2    None


Dungeon Overview and Level Annotations

Branches:
Dungeon (15/15)            Temple (1/1) D:5            Lair (8/8) D:9
 Shoals (4/4) Lair:6        Snake (4/4) Lair:5        Slime (0/6) Lair:8
    Orc (2/2) D:9             Elf (3/3) Orc:2        Vaults (4/5) D:14
  Crypt (3/3) Vaults:3       Tomb (0/3) Crypt:3      Depths (5/5) D:15
    Zot (0/5) Depths:5

Altars:
Ashenzari
Cheibriados
Dithmenos
Elyvilon
Fedhas
Gozag
Makhleb
Nemelex Xobeh
Okawaru
Pakellas
Qazlal
Ru
Sif Muna
Trog
Vehumet
Xom
Yredelemnul
The Shining One
Beogh
Jiyva

Shops:
D:7 =(   D:8 [   D:12 =[[   D:13 *   D:15 [:[:[[=   Orc:2 ![(   Elf:1 *
Snake:2 *   Vaults:2 [

Portals:
Hell: Lair:8 Depths:1 Depths:2 Depths:3 Depths:4 Depths:5
Abyss: Depths:4 Depths:5
Pandemonium: Depths:2 Depths:3 Depths:5

Annotations:
D:5 feelmyfire's ghost, novice MiFi
Orc:2 exclusion: upstairs
Crypt:3 exclusion: 2 upstairs


Innate Abilities, Weirdness & Mutations

You have a pair of large antennae on your head (SInv).
You are mostly covered in rugged brown scales (AC +2, +5% HP).
Your flesh is cold resistant.
You are extremely robust (+30% HP).
When hurt, damage is shared between your health and your magic reserves.
You regenerate magic rapidly.
When low on magic, you restore magic in place of health.
You are immune to freezing clouds.
Scrolls take you a little longer to read.
You are resistant to hostile enchantments.
You are weak. (Str -2)
Your spells are a little harder to cast, but a little more powerful.


Message History

* * * LOW HITPOINT WARNING * * *
The bennu sears you!!
* * * LOW HITPOINT WARNING * * *
The bennu misses you. The bennu barely misses you.
Drink which item? (? for menu, Esc to quit)
Gozag petitions for your drink to fail. The winds around you calm down.
The bennu pecks you but does no damage. You block the bennu's attack.
The bennu completely misses you. You block the greater mummy's attack.
You block the bennu's attack. The bennu claws you but does no damage.
The bennu barely misses you.
The ushabti shakes and rattles.
The vile air hits the elf zombie.
The vile air hits the bennu.
Casting: Blink
Confirm with . or Enter, or press ? or * to list all spells.
A great vortex of raging winds appears and lifts you up.
You block the bennu's attack. x2; The bennu claws you!
* * * LOW HITPOINT WARNING * * *
The bennu pecks you but does no damage. The bennu claws you!
You die...

▓▓.....§.#†..§..§#.....
▓......................
▓...........8.....HM...
▓▓...........§....MM....
▓..∩......§§.....M.M...?
▓▓...........§...M..M...
▓..........§Z§§.M.M....
▓.........§bMZ§.M.M....
▓▓.....§.#§M@bz..#.....
▓▓.......§§§§§........
▓▓......§§§§§........
▓▓............... .▓
▓▓▓...........▓▓ ▓
▓▓▓▓▓▓.▓▓▓▓▓▓ ▓▓


You could see 2 greater mummies, 2 bennus, an anubis guard, 4 guardian mummies,
an ushabti, a flying skull, 7 mummies, a juggernaut zombie and an elf zombie.

Vanquished Creatures
  3 ancient liches
  Boris (Depths:5)
  Frederick (Crypt:1)
  A Killer Klown (Zig:5)
  The ghost of Chiseanne the Sorcerer, a veteran DsWz of Vehumet (Depths:2)
  A golden dragon (Depths:5)
  2 bone dragons (Zig:6)
  Nikola (Snake:2)
  The ghost of Chiseanne the Tortoise, an adept DsWz of Gozag (Depths:1)
  A tentacled monstrosity (Depths:4)
  3 liches
  A titan (Depths:4)
  2 deep elf master archers (Elf:3)
  3 ancient champions
  5 tentacled starspawn
  2 thorn hunters (Zig:8)
  5 sphinxes
  3 tengu reavers
  2 shadow dragons
  7 fire giants
  2 revenants (Crypt:3)
  13 greater nagas
  A draconian knight (Depths:5)
  Maud (Lair:7)
  6 frost giants
  12 deep elf sorcerers
  2 orc warlords
  A juggernaut zombie (Zig:12)
  A caustic shrike zombie (Zig:12)
  3 balrugs
  3 vault wardens
  A cacodemon (Zig:11)
  4 ghouls
  3 deep elf elementalists (Elf:3)
  10 very ugly things
  5 reapers
  16 stone giants
  A draconian caller (Depths:5)
  3 ironheart preservers
  3 war gargoyles
  21 starcursed masses
  9 vampire knights
  9 deep elf demonologists
  6 deep elf annihilators
  A bennu (Zig:13)
  A black draconian (Depths:5)
  A salamander stormcaller (Zig:9)
  A spark wasp (shapeshifter) (Vaults:2)
  A white draconian (Depths:5)
  A red draconian (Depths:5)
  3 spark wasps
  3 dire elephants
  5 eidola
  8 merfolk javelineers (Shoals:4)
  4 mummy priests (Zig:13)
  3 deep elf high priests (Elf:3)
  7 yaktaur captains
  10 deep elf death magi
  A minotaur (Lab)
  9 fire dragons
  A green death (Zig:8)
  Snorg (Lair:8)
  5 merfolk impalers
  6 ettins
  2 spectral quicksilver dragons (Crypt:3)
  10 vault guards
  7 great orbs of eyes
  Fannar (D:10)
  4 jiangshi
  9 naga warriors
  10 entropy weavers
  7 hydras
  A great orb of eyes (shapeshifter) (Zig:5)
  2 spriggan air magi
  10 ice dragons
  The ghost of feelmyfire the Impaler, a journeyman MiFi of Okawaru (D:11)
  5 rakshasas
  2 catoblepae
  15 ogre magi
  2 hell beasts
  2 merfolk aquamancers (Shoals:4)
  2 satyrs (Shoals:4)
  An anaconda (shapeshifter) (Elf:3)
  16 anacondas
  3 death knights
  A centaur warrior (D:14)
  8 vampire magi
  A spectral frost giant (Crypt:3)
  3 death yaks (Lair:7)
  A spectral fire giant (Crypt:3)
  4 deep troll shamans
  4 deep troll earth magi
  2 hell hogs
  2 orc high priests (Orc:2)
  12 shock serpents
  11 naga sharpshooters
  5 spriggan berserkers
  A tengu warrior (Depths:2)
  3 thrashing horrors
  16 deep elf knights
  A soul eater (Crypt:2)
  4 spriggans
  2 storm dragon zombies (Zig:10)
  A sun demon (Lair:8)
  A fire crab (shapeshifter) (Vaults:4)
  A hell knight (Zig:10)
  13 skeletal warriors
  4 shadow wraiths (Crypt:3)
  A storm dragon skeleton (Zig:12)
  2 wretched stars
  3 salamander mystics
  2 spark wasp zombies
  5 iron trolls
  A spectral anaconda (Crypt:3)
  2 death scarabs (Zig:13)
  13 sea snakes
  14 deep trolls
  9 flayed ghosts
  A swamp dragon (shapeshifter) (Vaults:4)
  2 giant orange brains
  8 naga ritualists
  2 spectral iron dragons (Crypt:3)
  5 deep elf archers
  8 hill giants
  A shadow demon (Zig:5)
  A lindwurm (shapeshifter) (Depths:3)
  A golden dragon skeleton (Zig:10)
  16 harpies
  6 ironbrand convokers
  2 tengu zombies
  An anubis guard (Zig:13)
  8 wizards
  3 phantasmal warriors
  A necromancer (Zig:9)
  2 oklob plants (Lair:4)
  14 mana vipers
  A wolf spider (Vaults:3)
  2 shining eyes
  4 orc knights
  4 fire giant zombies
  40 deep elf magi
  4 hornets
  33 ugly things
  9 salamanders
  11 griffons
  A stone giant zombie (Zig:7)
  A spectral ettin (Crypt:3)
  26 fauns
  A centaur zombie (D:15)
  2 sixfirhies
  4 cyclopes
  11 manticores
  A dire elephant zombie (Crypt:3)
  6 guardian serpents (Snake:4)
  A black mamba (shapeshifter) (Vaults:3)
  27 elephants
  A guardian serpent (shapeshifter) (Depths:2)
  2 ice statues (IceCv)
  A worldbinder (Abyss:2)
  8 sirens
  7 rust devils
  An apocalypse crab (Zig:11)
  47 black mambas
  2 gargoyles
  4 orange demons
  15 naga magi
  10 vault sentinels
  A spriggan skeleton (Zig:10)
  2 centaur skeletons
  9 water nymphs
  8 smoke demons
  19 spiny frogs
  2 anaconda simulacra (Crypt:3)
  3 hellions
  A mottled draconian zombie (Crypt:3)
  7 rime drakes
  47 yaktaurs
  A dire elephant skeleton (Abyss:2)
  A redback zombie (D:15)
  3 tormentors
  An efreet (Zig:11)
  2 kobold demonologists (Vaults:3)
  2 komodo dragons (shapeshifter)
  11 komodo dragons
  10 freezing wraiths
  2 guardian mummies (Zig:13)
  6 red devils
  2 tengu conjurers (D:14)
  8 ice devils
  3 hellwings
  8 trolls
  A jumping spider (shapeshifter) (Depths:5)
  6 ancient zymes
  A wind drake (Shoals:2)
  30 merfolk
  2 giant leeches (Zig:8)
  A polar bear (Lair:2)
  3 two-headed ogres (shapeshifter)
  9 two-headed ogres
  31 blink frogs
  A jumping spider zombie (Crypt:1)
  17 raiju
  32 slime creatures
  A slime creature (shapeshifter) (Depths:4)
  A death drake skeleton (Crypt:1)
  13 large abominations
  8 snapping turtles
  3 bog bodies (Zig:8)
  A boulder beetle (Lair:6)
  A fire giant simulacrum (Crypt:3)
  5 shadows
  9 water elementals
  A ynoxinul (Abyss:5)
  An air elemental (Elf:3)
  11 flying skulls
  17 redbacks
  4 hill giant zombies (WizLab)
  4 tarantellas
  9 wraiths
  7 wyverns
  50 yaks
  5 vampires
  2 chaos spawn (Zig:5)
  5 vampire mosquitoes
  3 elf zombies (Zig:12)
  6 fire bats (Volcano)
  3 fire elementals
  7 hungry ghosts
  2 golden eyes (Abyss:2)
  17 hippogriffs
  3 neqoxecs
  2 steam dragons
  4 basilisks
  5 mottled dragons
  6 wargs
  61 nagas
  19 water moccasins
  A deep troll zombie (Crypt:2)
  2 soldier ants (D:9)
  2 hell hounds (Lair:4)
  2 spectral snapping turtles (Crypt:3)
  A spiny frog zombie (Abyss:2)
  13 porcupines
  52 orc warriors
  3 eyes of draining
  11 ice beasts
  A swamp drake (Zig:8)
  A phantom (D:13)
  An elephant zombie (Crypt:3)
  20 ogres
  A black bear (D:10)
  4 sky beasts
  An ogre (shapeshifter) (Depths:5)
  2 necrophages
  6 wasps
  14 wolves
  15 boggarts
  8 centaurs
  11 big kobolds
  23 crocodiles
  A big kobold (shapeshifter) (Depths:1)
  16 giant frogs
  4 earth elementals
  6 small abominations
  9 gnoll sergeants
  A yaktaur skeleton (Crypt:3)
  2 scorpions
  8 troll zombies (WizLab)
  22 killer bees
  7 wights
  5 electric eels
  10 howler monkeys
  2 giant frog zombies
  A wolf skeleton (Crypt:2)
  9 crimson imps
  A quasit (Abyss:2)
  4 jellies
  7 gnoll shamans
  10 hounds
  25 orc priests
  35 orc wizards
  A giant frog skeleton (D:11)
  6 iguanas
  8 iron imps
  17 worker ants
  6 hell rats (Lair:6)
  A lightning spire (Zig:5)
  24 sheep
  A dwarf zombie (Crypt:1)
  A killer bee zombie (D:9)
  4 ogre zombies (WizLab)
  A giant frog simulacrum (D:13)
  A dwarf skeleton (Crypt:3)
  A human simulacrum (Crypt:3)
  A hound zombie (D:5)
  17 mummies
  25 adders
  14 gnolls (Bailey)
  83 river rats
  2 shadow imps
  A swamp drake skeleton (Crypt:3)
  12 white imps
  An ufetubus (Abyss:2)
  2 oozes (D:1)
  5 worms
  4 giant geckos
  112 orcs
  3 giant cockroaches
  4 gnoll zombies
  11 goblins
  7 hobgoblins
  9 jackals
  3 quokkas
  A ball python skeleton (D:6)
  6 bats
  3 giant newts
  2 hobgoblin zombies (Ossuary)
  21 kobolds
  2 kobold zombies (Ossuary)
  An orc zombie (Ossuary)
  3 quokka skeletons
  14 rats
  15 briar patches (Zig:8)
  5 bushes
  A butterfly (Lair:3)
  13 fungi
  4 lost souls (Crypt:3)
  107 plants
  3 starspawn tentacles
  A starspawn tentacle segment (Zig:11)
2447 creatures vanquished.

Vanquished Creatures (collateral kills)
  A caustic shrike (Zig:3)
  3 golden dragons
  A tentacled monstrosity (Vaults:3)
  2 liches
  An acid blob (shapeshifter) (Vaults:3)
  2 ancient champions
  A sphinx (Crypt:3)
  A revenant (Crypt:3)
  2 tengu reavers
  2 storm dragons
  2 fire giants (Depths:4)
  4 vault wardens
  2 frost giants
  Louise (Depths:4)
  A deep elf elementalist (Depths:4)
  The ghost of feelmyfire the Impaler, a journeyman MiFi of Okawaru (Elf:1)
  7 ghouls
  4 ironheart preservers
  A very ugly thing (Depths:3)
  7 stone giants
  A deep elf demonologist (Vaults:2)
  A vampire knight (Crypt:1)
  A deep elf annihilator (Vaults:2)
  3 red draconians (Depths:5)
  3 spark wasps
  A yellow draconian (Depths:5)
  2 ettins (Vaults:3)
  2 eidola (Crypt:3)
  2 deep elf death magi
  4 vault guards (Vaults:3)
  6 yaktaur captains
  A fire dragon (Depths:5)
  5 great orbs of eyes
  3 jiangshi
  An entropy weaver (Depths:5)
  A spectral shadow dragon (Crypt:3)
  2 ice dragons
  A spectral frost giant (Crypt:3)
  2 centaur warriors
  3 ogre magi
  2 death knights
  2 tengu warriors
  5 deep troll shamans
  2 deep troll earth magi
  2 spriggans (Depths:3)
  2 iron trolls
  A spectral emperor scorpion (Crypt:3)
  4 skeletal warriors
  7 deep trolls
  A flayed ghost (Crypt:3)
  3 deep elf archers (Vaults:4)
  5 ironbrand convokers
  2 necromancers
  3 phantasmal warriors
  2 harpies (Vaults:2)
  A wolf spider (Vaults:4)
  3 ugly things
  A griffon (Vaults:3)
  A deep elf mage (Vaults:2)
  A cyclops (Vaults:2)
  A hell hog skeleton (Crypt:1)
  An octopode (shapeshifter) (Depths:3)
  A black mamba (Zig:3)
  A rust devil (Depths:3)
  4 vault sentinels
  A guardian serpent (shapeshifter) (Depths:3)
  A titan simulacrum (Crypt:1)
  A storm dragon simulacrum (Crypt:3)
  22 yaktaurs
  14 freezing wraiths
  4 guardian mummies (Crypt:3)
  A tengu conjurer (Depths:5)
  A jumping spider (shapeshifter) (Depths:3)
  2 two-headed ogres
  A red devil (Depths:3)
  2 jumping spiders (Depths:5)
  12 slime creatures
  An ice dragon zombie (Crypt:1)
  2 air elementals (Depths:5)
  A shadow (Crypt:3)
  7 redbacks
  4 tarantellas
  5 wraiths
  A hill giant zombie (WizLab)
  2 vampire mosquitoes
  A hippogriff (Lair:5)
  2 hydra simulacra (Crypt:3)
  A spectral snapping turtle (Crypt:3)
  A deep troll skeleton (Crypt:1)
  2 porcupines (Lair:3)
  2 wasps (Depths:3)
  5 orc warriors (Vaults:3)
  A necrophage (Crypt:3)
  5 ogres
  A manticore skeleton (Crypt:1)
  2 centaurs (Vaults:3)
  3 big kobolds (Vaults:3)
  2 giant frogs (shapeshifter) (Vaults:4)
  A giant frog (Lair:3)
  An elf skeleton (Crypt:1)
  A cyclops skeleton (Crypt:3)
  A wyvern skeleton (Crypt:3)
  A warg skeleton (Crypt:2)
  2 crimson imps (Depths:3)
  A two-headed ogre skeleton (Crypt:2)
  A boulder beetle simulacrum (Vaults:2)
  A naga zombie (Crypt:1)
  A tengu zombie (Crypt:1)
  An ogre zombie (Crypt:1)
  An ufetubus (Depths:3)
  An orc (Vaults:3)
  A dart slug zombie (Crypt:3)
277 creatures vanquished.

Vanquished Creatures (others)
  15 dancing weapons
  A frost giant skeleton (Crypt:1)
  A black mamba zombie (Abyss:5)
  3 small abominations
  A white imp (Lair:6)
  30 fungi
  A lost soul (Crypt:3)
  55 plants
  37 starspawn tentacles
  67 starspawn tentacle segments
  5 toadstools (D:1)
216 creatures vanquished.

Grand Total: 2940 creatures vanquished

Notes
Turn   | Place    | Note
--------------------------------------------------------------
     0 | D:1      | Chiseanne the Demonspawn Wizard began the quest for the Orb.
     0 | D:1      | Reached XP level 1. HP: 13/13 MP: 4/4
   361 | D:1      | Gained mutation: You are partially covered in rugged brown scales (AC +1, +3% HP). [demonic ancestry]
   361 | D:1      | Reached XP level 2. HP: 11/19 MP: 1/6
   938 | D:1      | Reached skill level 1 in Fighting
   947 | D:1      | Reached XP level 3. HP: 20/26 MP: 1/7
  1726 | D:2      | Found a bloodstained altar of Trog.
  1736 | D:2      | Found a stormy altar of Qazlal.
  1741 | D:2      | Found a sacrificial altar of Ru.
  1829 | D:2      | Found a shattered altar of Ashenzari.
  2640 | D:3      | Learned a level 2 spell: Blink
  2643 | D:3      | Learned a level 2 spell: Repel Missiles
  2647 | D:3      | Learned a level 3 spell: Mephitic Cloud
  2730 | D:3      | Gained mutation: When hurt, damage is shared between your health and your magic reserves. [demonic ancestry]
  2730 | D:3      | Reached XP level 4. HP: 32/32 MP: 3/9
  3177 | D:3      | Gained mutation: You have a pair of small antennae on your head. [demonic ancestry]
  3177 | D:3      | Reached XP level 5. HP: 18/39 MP: 0/10
  3483 | D:3      | Reached skill level 4 in Spellcasting
  4471 | D:4      | Noticed an ogre
  4472 | D:4      | an ogre changed into a scorpion
  4489 | D:4      | Reached XP level 6. HP: 47/47 MP: 3/12
  5473 | D:4      | Found a burning altar of Makhleb.
  5713 | D:5      | Entered Level 5 of the Dungeon
  5970 | D:5      | Found a staircase to the Ecumenical Temple.
  5983 | Temple   | Entered the Ecumenical Temple
  6002 | Temple   | Became a worshipper of Gozag Ym Sagoz the Greedy
  6138 | D:5      | Reached XP level 7. HP: 44/53 MP: 8/14
  6200 | D:5      | Found a glowing golden altar of the Shining One.
  6206 | D:5      | Reached skill level 5 in Spellcasting
  6650 | D:5      | Learned a level 3 spell: Conjure Flame
  6806 | D:5      | Reached skill level 5 in Conjurations
  7043 | D:5      | Noticed feelmyfire's ghost (novice MiFi)
  7754 | D:6      | Reached XP level 8. HP: 46/62 MP: 12/16
  7928 | D:6      | Found a basalt altar of Yredelemnul.
  8013 | D:6      | Found a white marble altar of Elyvilon.
  8375 | D:7      | Found a flagged portal.
  8399 | Bailey   | Entered a bailey
  8412 | Bailey   | Reached skill level 5 in Fighting
  8412 | Bailey   | Reached skill level 6 in Spellcasting
  9917 | D:7      | Bought a smoking spear for 248 gold pieces
  9925 | D:7      | Bought an iridescent hunting sling for 201 gold pieces
  9985 | D:7      | Gained mutation: You have a pair of antennae on your head. [demonic ancestry]
  9985 | D:7      | Reached XP level 9. HP: 73/73 MP: 7/19
 10105 | D:7      | Found a blossoming altar of Fedhas.
 10146 | D:7      | Reached skill level 7 in Spellcasting
 10214 | D:7      | Got a scorched leather armour
 10725 | D:7      | Identified the cursed +0 leather armour of the Gravedigger {rC+ Str+2 Dex+3} (You found it on level 7 of the Dungeon)
 10739 | D:7      | Identified the +7 spear "Raisin" {holy, rPois rN+ Int+2} (You bought it in a shop on level 7 of the Dungeon)
 11193 | D:8      | Found a snail-covered altar of Cheibriados.
 11222 | D:8      | Found a sand-covered staircase.
 11227 | Ossuary  | Entered an ossuary
 11834 | Ossuary  | Identified the cursed +0 hunting sling "Pendulum" {venom, Fragile +Inv rF+ MP+9} (You bought it in a shop on level 7 of the Dungeon)
 12183 | D:8      | Reached skill level 8 in Spellcasting
 12873 | D:8      | Found Uqihonk's Antique Armour Shop.
 12885 | D:8      | Bought a glowing cloak for 108 gold pieces
 12945 | D:8      | Gained mutation: You are mostly covered in rugged brown scales (AC +2, +5% HP). [demonic ancestry]
 12945 | D:8      | Reached XP level 10. HP: 76/84 MP: 10/22
 13327 | D:9      | Reached skill level 1 in Shields
 14069 | D:9      | Found a staircase to the Lair.
 14091 | D:9      | Found a staircase to the Orcish Mines.
 14324 | D:7      | Bought the ring of Heresy {rC- Str-3 Int+10 Dex+7 Stlth-} for 553 gold pieces
 14333 | D:7      | Learned a level 3 spell: Ignite Poison
 15117 | D:10     | Entered Level 10 of the Dungeon
 15117 | D:10     | Noticed Fannar
 15125 | D:10     | Noticed a hill giant
 15126 | D:10     | Killed Fannar
 15321 | D:10     | Reached skill level 9 in Spellcasting
 15438 | D:10     | Reached skill level 1 in Fire Magic
 15827 | D:10     | Found a sacrificial altar of Ru.
 16193 | Orc:1    | Entered Level 1 of the Orcish Mines
 16637 | D:9      | Reached XP level 11. HP: 73/91 MP: 4/24
 17096 | Orc:2    | Entered Level 2 of the Orcish Mines
 17637 | Orc:2    | Reached skill level 10 in Conjurations
 17947 | Orc:2    | Found a staircase to the Elven Halls.
 17951 | Orc:2    | Found a roughly hewn altar of Beogh.
 18198 | Orc:2    | Found a roughly hewn altar of Beogh.
 18199 | Orc:2    | Noticed an orc knight
 18199 | Orc:2    | Found Werredd's Distillery.
 18215 | Orc:2    | Killed an orc knight
 18474 | Orc:2    | Bought 2 potions of might for 120 gold pieces
 18474 | Orc:2    | Bought a potion of magic for 120 gold pieces
 18474 | Orc:2    | Bought a potion of haste for 150 gold pieces
 18474 | Orc:2    | Bought a potion of curing for 45 gold pieces
 18474 | Orc:2    | Bought 2 potions of brilliance for 120 gold pieces
 18474 | Orc:2    | Bought a potion of berserk rage for 75 gold pieces
 18474 | Orc:2    | Bought a potion of brilliance for 60 gold pieces
 18474 | Orc:2    | Bought a potion of resistance for 150 gold pieces
 18694 | Orc:2    | Found a roughly hewn altar of Beogh.
 18695 | Orc:2    | Found Zuonetama's Distillery.
 18704 | Orc:2    | Reached skill level 10 in Spellcasting
 18729 | Orc:2    | Bought a potion of haste for 120 gold pieces
 18729 | Orc:2    | Bought a potion of brilliance for 48 gold pieces
 18729 | Orc:2    | Bought a potion of ambrosia for 96 gold pieces
 18729 | Orc:2    | Bought a potion of agility for 48 gold pieces
 18729 | Orc:2    | Bought a potion of invisibility for 96 gold pieces
 18729 | Orc:2    | Bought a potion of heal wounds for 60 gold pieces
 18850 | Orc:2    | Noticed an orc high priest
 20562 | Orc:2    | Found a roughly hewn altar of Beogh.
 20594 | Orc:2    | Noticed an orc high priest
 20662 | Orc:2    | Killed an orc high priest
 20886 | Orc:2    | Noticed a soul eater
 21271 | Orc:2    | Killed an orc high priest
 21378 | Orc:2    | Noticed an orc warlord
 22006 | Orc:1    | Reached skill level 11 in Spellcasting
 22006 | Orc:1    | Gained mutation: You regenerate magic rapidly. [demonic ancestry]
 22006 | Orc:1    | Reached XP level 12. HP: 79/98 MP: 14/27
 22763 | Orc:2    | Found Deiphiut's Antique Armour Shop.
 22765 | Orc:2    | Found a roughly hewn altar of Beogh.
 22768 | Orc:2    | Found Vyataodgh's Antique Weapon Boutique.
 22807 | Orc:2    | Bought an encrusted ring mail for 288 gold pieces
 22807 | Orc:2    | Bought a faintly humming troll leather armour for 640 gold pieces
 22813 | Orc:2    | Bought a warped hunting sling for 162 gold pieces
 22815 | Orc:2    | Identified the +8 hunting sling of Nontetz {flame, rF+ Int+2} (You bought it in a shop on level 2 of the Orcish Mines)
 22818 | Orc:2    | Identified the +4 troll leather armour "Tates" {Regen+ Dex+4} (You bought it in a shop on level 2 of the Orcish Mines)
 22820 | Orc:2    | Identified the +5 ring mail of the Hidden Suns {Stlth+} (You bought it in a shop on level 2 of the Orcish Mines)
 22827 | Orc:2    | Bought a glowing shield for 144 gold pieces
 23039 | Lair:1   | Entered Level 1 of the Lair of Beasts
 23177 | Lair:1   | Reached skill level 5 in Shields
 23403 | Lair:1   | Got an ebony war axe
 23404 | Lair:1   | Identified the cursed +1 war axe of Vanwenif {speed, *Noise MP+9 Dex+8 SInv} (You found it on level 1 of the Lair of Beasts)
 23569 | Lair:1   | Got an ancient morningstar
 23628 | Lair:1   | Learned a level 6 spell: Bolt of Cold
 24204 | Lair:1   | Reached skill level 1 in Ice Magic
 24547 | Lair:2   | Identified the +10 morningstar "Sifuruew" {pain, *Drain +Fly rF+ Str+4} (You found it on level 1 of the Lair of Beasts)
 25784 | Lair:3   | Found a labyrinth entrance.
 25793 | Lab      | Entered a labyrinth
 26677 | Lab      | Noticed a minotaur
 26692 | Lab      | Killed a minotaur
 26692 | Lab      | Reached skill level 12 in Spellcasting
 26711 | Lab      | Identified a +1 rod of shadows (10/10) (You found it on level 1 of the Lair of Beasts)
 27120 | Lair:3   | Reached skill level 5 in Ice Magic
 27924 | Lair:4   | Gained mutation: When low on magic, you restore magic in place of health. [demonic ancestry]
 27924 | Lair:4   | Reached XP level 13. HP: 105/105 MP: 15/29
 28071 | Lair:4   | Found a dark tunnel.
 28090 | Volcano  | Entered a volcano
 28700 | Volcano  | Reached XP level 14. HP: 111/111 MP: 30/30
 28840 | Volcano  | Reached skill level 13 in Spellcasting
 30158 | Lair:5   | Got a slimy scimitar
 30183 | Lair:5   | Identified the +8 scimitar of Riameka {slice, rElec rC++} (You found it on level 5 of the Lair of Beasts)
 30919 | Lair:5   | Found a staircase to the Snake Pit.
 31266 | Lair:5   | Reached skill level 14 in Spellcasting
 31693 | Lair:6   | Found a frozen archway.
 31733 | IceCv    | Entered an ice cave
 32337 | Lair:6   | Reached skill level 15 in Spellcasting
 32837 | Lair:6   | Got a crude double sword
 32838 | Lair:6   | Identified the +7 double sword "Kicwaig" {pain, rF+ rC+} (You found it on level 6 of the Lair of Beasts)
 33251 | Lair:6   | Found a staircase to the Shoals.
 33466 | Lair:6   | Learned a level 6 spell: Freezing Cloud
 33820 | Lair:7   | Reached XP level 15. HP: 117/117 MP: 21/34
 34145 | Lair:7   | Noticed Maud
 34178 | Lair:7   | Killed Maud
 34746 | Lair:7   | Reached skill level 10 in Ice Magic
 35245 | Lair:8   | Entered Level 8 of the Lair of Beasts
 35638 | Lair:8   | Found a viscous altar of Jiyva.
 35638 | Lair:8   | Found a staircase to the Slime Pits.
 35672 | Lair:8   | Noticed Snorg
 35677 | Lair:8   | Killed Snorg
 38254 | Lair:8   | Found a burning altar of Makhleb.
 38916 | Lair:8   | Found a gateway to Hell.
 38930 | Lair:8   | Got a bloodstained shield
 38933 | Lair:8   | Identified the +5 shield of Salvation {MR- Int+3 Dex+7} (You found it on level 8 of the Lair of Beasts)
 39418 | D:11     | Reached skill level 16 in Spellcasting
 39579 | D:11     | Noticed feelmyfire's ghost (journeyman MiFi)
 39590 | D:11     | Killed feelmyfire's ghost
 40935 | D:11     | Learned a level 5 spell: Fireball
 40963 | D:12     | Bought the cursed +0 leather armour of Philately {rElec rC+ Int+4} for 397 gold pieces
 40998 | D:12     | Bought a +1 pair of gloves of dexterity for 231 gold pieces
 41015 | D:12     | Bought the amulet of Atosool {Dismiss Str+3 Stlth+} for 645 gold pieces
 41015 | D:12     | Bought the ring "Not Vaph" {Wiz rPois rF+} for 674 gold pieces
 43181 | D:13     | Found Luziany's Elemental Accessories.
 43471 | D:14     | Found an oddly glowing altar of Pakellas.
 43772 | D:14     | Gained mutation: You have a pair of large antennae on your head (SInv). [demonic ancestry]
 43772 | D:14     | Reached XP level 16. HP: 124/124 MP: 29/36
 44210 | D:12     | Bought a +2 cloak of magic resistance for 301 gold pieces
 44702 | D:14     | Found a gate to the Vaults.
 45153 | D:15     | Entered Level 15 of the Dungeon
 45357 | D:15     | Reached skill level 10 in Shields
 45787 | D:15     | Found a staircase to the Depths.
 45806 | D:15     | Learned a level 5 spell: Aura of Abjuration
 47920 | Snake:1  | Entered Level 1 of the Snake Pit
 49120 | Snake:1  | You fall through a shaft!
 51199 | Snake:2  | Noticed Nikola
 51202 | Snake:2  | Killed Nikola
 51202 | Snake:2  | Gained mutation: Your flesh is cold resistant. [demonic ancestry]
 51202 | Snake:2  | Reached XP level 17. HP: 129/130 MP: 0/37
 51268 | Snake:2  | Got a pair of brightly glowing gloves
 51270 | Snake:2  | Identified the +1 pair of gloves "Zaojalar" {SInv} (You took it off Nikola on level 2 of the Snake Pit)
 51479 | Snake:2  | Found Vifrecif's General Store.
 51584 | Snake:2  | Bought a beef jerky for 21 gold pieces
 51584 | Snake:2  | Bought a royal jelly for 28 gold pieces
 51584 | Snake:2  | Bought 28 sling bullets for 196 gold pieces
 51584 | Snake:2  | Bought a wand of heal wounds (3/9) for 588 gold pieces
 55169 | Snake:3  | Reached skill level 15 in Shields
 55683 | Snake:4  | Entered Level 4 of the Snake Pit
 57487 | Snake:4  | Reached skill level 17 in Spellcasting
 59157 | Snake:4  | Reached XP level 18. HP: 134/137 MP: 9/39
 59418 | Snake:4  | Reached skill level 18 in Spellcasting
 59763 | Snake:4  | Got a serpentine rune of Zot
 60572 | D:15     | Bought a cursed -3 ring of dexterity for 34 gold pieces
 60575 | D:15     | Bought the macabre finger necklace {rN+} for 317 gold pieces
 60575 | D:15     | Bought the ring of the Pure Wars {rC+ Slay+6 Stlth+} for 2592 gold pieces
 60698 | D:12     | Bought a crude scale mail for 216 gold pieces
 60698 | D:12     | Identified the +3 scale mail of Circular Logic {rCorr Str+3} (You bought it in a shop on level 12 of the Dungeon)
 60924 | Shoals:1 | Entered Level 1 of the Shoals
 61934 | Shoals:2 | Found Ovuakkit's Food Emporium.
 61953 | Shoals:2 | Bought a beef jerky for 21 gold pieces
 61953 | Shoals:2 | Bought a beef jerky for 21 gold pieces
 61953 | Shoals:2 | Bought a slice of pizza for 21 gold pieces
 61953 | Shoals:2 | Bought a slice of pizza for 21 gold pieces
 61953 | Shoals:2 | Bought a beef jerky for 21 gold pieces
 61953 | Shoals:2 | Bought a royal jelly for 28 gold pieces
 62057 | Shoals:2 | Bought a bread ration for 70 gold pieces
 62057 | Shoals:2 | Bought a meat ration for 70 gold pieces
 62057 | Shoals:2 | Bought a meat ration for 70 gold pieces
 62057 | Shoals:2 | Bought a meat ration for 70 gold pieces
 62094 | Shoals:2 | Reached skill level 19 in Spellcasting
 62443 | Shoals:2 | Bought a meat ration for 70 gold pieces
 62694 | Shoals:4 | Entered Level 4 of the Shoals
 63190 | Shoals:4 | Got a smoking ring mail
 63193 | Shoals:4 | Identified the +3 ring mail of Beauty {+Inv rN+ MR- Dex+4} (You found it on level 4 of the Shoals)
 63261 | Shoals:4 | Identified the Handbook of Flamy Good Luck
 63268 | Shoals:4 | Learned a level 5 spell: Iskenderun's Battlesphere
 63873 | Shoals:4 | Reached skill level 20 in Spellcasting
 64040 | Shoals:4 | Gained mutation: You are robust (+10% HP). [demonic ancestry]
 64040 | Shoals:4 | Reached XP level 19. HP: 137/156 MP: 27/43
 64191 | Shoals:4 | Got a barnacled rune of Zot
 65247 | D:15     | Gained mutation: Your spells are a little harder to cast, but a little more powerful. [potion of beneficial mutation]
 65254 | D:15     | Learned a level 4 spell: Passage of Golubria
 65256 | D:15     | Learned a level 1 spell: Apportation
 65258 | D:15     | Learned a level 1 spell: Magic Dart
 65629 | Elf:1    | Entered Level 1 of the Elven Halls
 66271 | Elf:1    | Noticed feelmyfire's ghost (journeyman MiFi)
 66311 | Elf:1    | Killed feelmyfire's ghost
 66418 | Elf:1    | Found Evuacig's General Store.
 66501 | Elf:1    | Bought a scroll of blinking for 135 gold pieces
 66501 | Elf:1    | Bought a slice of pizza for 27 gold pieces
 66501 | Elf:1    | Bought a bread ration for 90 gold pieces
 66501 | Elf:1    | Bought a bread ration for 90 gold pieces
 66525 | Elf:1    | Reached skill level 21 in Spellcasting
 66592 | Elf:2    | Found a magical portal.
 66666 | WizLab   | Entered Zonguldrok's Shrine
 67645 | WizLab   | Noticed an antique lich
 67661 | WizLab   | Cast into level 5 of the Abyss (an antique lich)
 67661 | Abyss:5  | Entered Level 5 of the Abyss
 68401 | Abyss:5  | Noticed a bone dragon
 68408 | WizLab   | Escaped the Abyss
 68743 | WizLab   | Killed an antique lich
 69000 | WizLab   | Identified the Collected Works on Supportive Confrontation
 69085 | Elf:3    | Entered Level 3 of the Elven Halls
 69486 | Elf:3    | Reached skill level 22 in Spellcasting
 69498 | Elf:3    | Gained mutation: You are very robust (+20% HP). [demonic ancestry]
 69498 | Elf:3    | Reached XP level 20. HP: 76/178 MP: 3/46
 70098 | Elf:3    | Cast into level 2 of the Abyss (a deep elf demonologist)
 70098 | Abyss:2  | Found a corrupted altar of Lugonu.
 70490 | Abyss:2  | Noticed an ancient lich
 71016 | Elf:3    | Escaped the Abyss
 71023 | Elf:3    | Noticed a Tzitzimitl
 71223 | Elf:3    | Reached skill level 23 in Spellcasting
 71397 | Elf:3    | Got a fine lead ring
 71403 | Elf:3    | Identified the ring "Icetz" {*Drain MR+ Int+2 Dex+2 Stlth+} (You took it off a deep elf death mage on level 3 of the Elven Halls)
 71532 | Elf:3    | Got a pair of jewelled boots
 71533 | Elf:3    | Identified the +0 pair of boots of Jexomeac {rPois} (You found it on level 3 of the Elven Halls)
 71540 | Elf:3    | Identified Jetyes's Guide on the Boosting Volcanoes
 71653 | Elf:3    | Learned a level 7 spell: Orb of Destruction
 71661 | Elf:3    | Learned a level 7 spell: Spellforged Servitor
 71675 | Elf:3    | Got a jewelled scale mail
 71676 | Elf:3    | Identified the cursed +1 scale mail of the World {rElec Dex+4} (You found it on level 3 of the Elven Halls)
 72277 | D:15     | Bought a pair of embroidered gloves for 207 gold pieces
 72297 | D:15     | Bought a pair of glowing gloves for 207 gold pieces
 72389 | Vaults:1 | Entered Level 1 of the Vaults
 73044 | Vaults:2 | Got a dazzling scale mail
 73045 | Vaults:2 | Identified the +5 scale mail of Trog's Envy {Int+3} (You found it on level 2 of the Vaults)
 73057 | Vaults:2 | Reached skill level 5 in Summonings
 73298 | Vaults:2 | Got an uncursed faintly glowing rapier {speed}
 73299 | Vaults:2 | Identified the +7 rapier of the Dead {speed, Int+8} (You took it off a yaktaur captain on level 2 of the Vaults)
 74131 | Vaults:2 | Found Ipulamaqu's Armour Shop.
 74923 | Vaults:3 | Reached XP level 21. HP: 163/186 MP: 33/48
 75231 | Vaults:3 | Reached skill level 24 in Spellcasting
 75270 | Vaults:3 | Noticed a caustic shrike
 75271 | Vaults:3 | a caustic shrike changed into an acid blob
 75509 | Vaults:3 | Got a smoking long sword {venom}
 75511 | Vaults:3 | Identified the +7 long sword of Kokuydd {venom, rF+} (You took it off a fire giant on level 3 of the Vaults)
 75530 | Vaults:3 | Got a heavily runed bronze ring
 75536 | Vaults:3 | Identified the ring "Cess" {rElec rF+ Stlth+} (You took it off a yaktaur on level 3 of the Vaults)
 76293 | Vaults:3 | Found a staircase to the Crypt.
 78132 | Crypt:1  | Entered Level 1 of the Crypt
 78389 | Crypt:1  | Reached skill level 25 in Spellcasting
 78844 | Crypt:1  | Noticed Frederick
 78850 | Crypt:1  | Killed Frederick
 79168 | Crypt:3  | Entered Level 3 of the Crypt
 79470 | Crypt:3  | Paralysed by a sphinx for 7 turns
 79475 | Crypt:3  | Reached XP level 22. HP: 179/192 MP: 32/51
 80982 | Crypt:3  | Identified the Reference Book on Necromancy
 81348 | Crypt:3  | Found a staircase to the Tomb.
 81983 | D:15     | Learned a level 6 spell: Deflect Missiles
 82030 | Depths:1 | Entered Level 1 of the Depths
 82066 | Depths:1 | Identified Sif Muna's Grimoire of Congealing Moulding (You found it on level 1 of the Depths)
 82080 | Depths:1 | Reached skill level 1 in Charms
 82958 | Depths:1 | Reached skill level 5 in Charms
 83073 | Depths:1 | Noticed Chiseanne's ghost (adept DsWz)
 83081 | Depths:1 | Killed Chiseanne's ghost
 83655 | D:15     | Bought a dazzling cloak for 247 gold pieces
 83656 | D:15     | Identified the +1 cloak of the Present {rN+ MR+} (You bought it in a shop on level 15 of the Dungeon)
 83689 | D:15     | Bought a pair of runed boots for 117 gold pieces
 83699 | D:15     | Identified a +2 pair of boots of running (You bought it in a shop on level 15 of the Dungeon)
 83716 | D:15     | Bought a spiked ring mail for 234 gold pieces
 83716 | D:15     | Bought a distressingly furry leather armour for 182 gold pieces
 83728 | D:15     | Identified the +2 leather armour of Rotation {*Confuse +Blink rF+++} (You bought it in a shop on level 15 of the Dungeon)
 83748 | D:15     | Identified the +1 ring mail "Goph" {rElec rC+ Str-5 Dex+3} (You bought it in a shop on level 15 of the Dungeon)
 83849 | Depths:2 | Reached skill level 1 in Air Magic
 84467 | Depths:2 | Identified the Tome of Crystal
 84859 | Depths:2 | Reached skill level 5 in Air Magic
 84922 | Depths:2 | Found a shattered altar of Ashenzari.
 84961 | Depths:2 | Found a one-way gate leading to the halls of Pandemonium.
 85545 | Depths:2 | Noticed Chiseanne's ghost (veteran DsWz)
 85553 | Depths:2 | Killed Chiseanne's ghost
 85823 | Depths:3 | Gained mutation: You are extremely robust (+30% HP). [demonic ancestry]
 85823 | Depths:3 | Reached XP level 23. HP: 193/217 MP: 28/52
 86102 | Depths:3 | Gained mutation: Scrolls take you a little longer to read. [a neqoxec]
 86104 | Depths:3 | Gained mutation: You are resistant to hostile enchantments. [a neqoxec]
 86707 | Depths:3 | Found a gateway to a ziggurat.
 87664 | Depths:3 | Identified Sif Muna's Incunabulum of Black Magic and Execration
 87697 | Depths:3 | Identified the Volume of Supportive Arcane Weapons
 87708 | Depths:3 | Reached skill level 10 in Air Magic
 87716 | Depths:3 | Identified the Disquisition on Bewitching Talismans
 87721 | Depths:3 | Learned a level 3 spell: Regeneration
 87735 | Depths:3 | Found a deep blue altar of Sif Muna.
 87738 | Depths:3 | Noticed an ancient lich
 87763 | Depths:3 | Killed an ancient lich
 88118 | Depths:3 | Identified the Catalogue of Unholy Rites and the Escort
 88120 | Depths:3 | Identified Dentab's Papyrus of Contamination and Execration
 88481 | D:15     | Learned a level 9 spell: Tornado
 88863 | Depths:4 | Noticed Louise
 88867 | Depths:4 | Killed Louise
 89657 | Depths:4 | Got a shimmering jade ring
 89660 | Depths:4 | Identified the ring "Xuydwiab" {-Tele rF+ rN+ MP+9 Str+4} (You took it off a frost giant on level 4 of the Depths)
 89983 | Depths:4 | Got a sparkling copper ring
 90135 | Depths:4 | Identified a scroll of acquirement
 90232 | Depths:4 | Found a one-way gate to the infinite horrors of the Abyss.
 90986 | Depths:1 | Gained mutation: You are immune to freezing clouds. [demonic ancestry]
 90986 | Depths:1 | Reached XP level 24. HP: 226/226 MP: 50/52
 91031 | D:15     | Bought a book of Fire for 845 gold pieces
 91157 | Depths:5 | Entered Level 5 of the Depths
 91582 | Depths:5 | Reached skill level 15 in Air Magic
 92132 | Depths:5 | Noticed Boris
 92343 | Depths:5 | Killed Boris
 92663 | Depths:5 | Found a gate to the Realm of Zot.
 93388 | D:15     | Bought a manual of Maces & Flails for 1324 gold pieces
 93393 | D:15     | Bought a spiked scale mail for 234 gold pieces
 93395 | D:15     | Identified the +4 scale mail of Kagulis {MR- rCorr Int+8 Slay-5} (You bought it in a shop on level 15 of the Dungeon)
 93429 | D:15     | Identified the ring of Voisausuza {MP+9 Dex+4} (You took it off a deep elf elementalist on level 4 of the Depths)
 93740 | Temple   | Fell from the grace of Gozag
 93740 | Temple   | Became a worshipper of Vehumet
 94099 | Zig:1    | Entered Level 1 of a ziggurat
 94244 | Zig:2    | Entered Level 2 of a ziggurat
 94261 | Zig:3    | Entered Level 3 of a ziggurat
 94496 | Zig:4    | Entered Level 4 of a ziggurat
 94689 | Zig:4    | Got a twitching golden amulet
 94692 | Zig:4    | Identified the amulet "Capuri" {Gourm -Tele +Inv Str+9} (You found it on level 4 of a ziggurat)
 94701 | Zig:5    | Entered Level 5 of a ziggurat
 94854 | Zig:6    | Entered Level 6 of a ziggurat
 94858 | Zig:6    | Noticed an ancient lich
 94866 | Zig:6    | Killed an ancient lich
 94867 | Zig:6    | Reached * piety under Vehumet
 94867 | Zig:6    | Offered knowledge of Freeze by Vehumet.
 95039 | Zig:6    | Got a brightly glowing zirconium amulet
 95047 | Zig:6    | Identified the amulet of Sed Guas {Harm *Drain Str+7 Stlth+} (You found it on level 6 of a ziggurat)
 95084 | Zig:7    | Entered Level 7 of a ziggurat
 95460 | Zig:8    | Entered Level 8 of a ziggurat
 95582 | Zig:9    | Entered Level 9 of a ziggurat
 95768 | Zig:9    | Learned a level 7 spell: Ring of Flames
 95777 | Zig:10   | Entered Level 10 of a ziggurat
 95794 | Zig:10   | Offered knowledge of Flame Tongue by Vehumet.
 95794 | Zig:10   | Reached ** piety under Vehumet
 95805 | Zig:10   | Reached skill level 5 in Fire Magic
 95916 | Zig:11   | Entered Level 11 of a ziggurat
 95926 | Zig:11   | Gained mutation: You are weak. (Str -2) [a neqoxec]
 95931 | Zig:11   | Paralysed by accursed screaming for 2 turns
 95934 | Zig:11   | Reached XP level 25. HP: 187/233 MP: 25/52
 95935 | Zig:11   | Paralysed by accursed screaming for 1 turns
 95942 | Zig:11   | Paralysed by accursed screaming for 2 turns
 96163 | Zig:11   | Got a fine emerald amulet
 96184 | Zig:12   | Entered Level 12 of a ziggurat
 96199 | Zig:12   | Offered knowledge of Searing Ray by Vehumet.
 96200 | Zig:12   | Reached *** piety under Vehumet
 96559 | Zig:12   | Got a shimmering robe
 96582 | Zig:12   | Identified the +1 robe "Huecsipn" {rF+ MR+ Dex+4} (You found it on level 12 of a ziggurat)
 96599 | Zig:13   | Entered Level 13 of a ziggurat
 96607 | Zig:13   | Noticed a greater mummy
 96608 | Zig:13   | Noticed a greater mummy
 96609 | Zig:13   | Offered knowledge of Sticky Flame by Vehumet.
 96613 | Zig:13   | Reached **** piety under Vehumet
 96619 | Zig:13   | HP: 3/233 [bennu (15)]
 96619 | Zig:13   | Slain by a bennu

Skill      XL: |  1  2  3  4  5  6  7  8  9 10 11 12 13 14 15 16 17 18 19 20 21 22 23 24 25 |
---------------+----------------------------------------------------------------------------+-----
Conjurations   | 2 3 4 5 7 8 9 11 12 | 12.0
Fighting       | 1 2 3 4 6 8 |  8.8
Spellcasting   | 4 5 6 8 9 11 12 15 16 17 20 22 23 25 | 25.9
Shields        | 4 5 7 13 15 | 15.0
Fire Magic     | 2 3 5 8 |  8.6
Ice Magic      | 6 8 11 | 11.0
Slings         | 4 |  4.2
Dodging        | 4 |  4.7
Summonings     | 6 |  6.0
Charms         | 7 |  7.0
Air Magic      | 7 14 17 | 17.7
Stealth        | |  1.7
Translocations | |  0.8

Action                   |  1- 3 |  4- 6 |  7- 9 | 10-12 | 13-15 | 16-18 | 19-21 | 22-24 | 25-27 || total
-------------------------+-------+-------+-------+-------+-------+-------+-------+-------+-------++-------
Melee: Short sword       |    78 |    34 |       |       |       |       |       |       |       ||   112
       Dagger            |       |    71 |   263 |   558 |     9 |       |       |       |       ||   901
       War axe           |       |       |       |    44 |    26 |       |       |       |       ||    70
       Scimitar          |       |       |       |       |       |     8 |    37 |    10 |       ||    55
       Rapier            |       |       |       |       |       |       |     4 |     8 |     4 ||    16
       Staff             |       |       |       |       |       |       |       |     1 |       ||     1
 Fire: Hunting sling     |       |       |       |   237 |   972 |   464 |   103 |       |       ||  1776
Throw: Javelin           |       |       |     5 |     1 |       |       |       |       |       ||     6
       Throwing net      |       |       |       |       |       |       |       |     1 |       ||     1
 Cast: Magic Dart        |    91 |   105 |   313 |   319 |    22 |    15 |   348 |       |       ||  1213
       Repel Missiles    |     1 |       |       |     3 |     2 |     2 |     4 |       |       ||    12
       Mephitic Cloud    |       |     4 |    33 |   184 |   133 |     2 |     4 |       |       ||   360
       Conjure Flame     |       |       |    20 |    16 |     1 |     2 |     1 |       |       ||    40
       Blink             |       |       |     5 |    29 |    23 |    14 |    27 |     5 |     2 ||   105
       Ignite Poison     |       |       |       |    57 |   101 |     3 |     2 |       |       ||   163
       Bolt of Cold      |       |       |       |       |    39 |   334 |   309 |   275 |       ||   957
       Freezing Cloud    |       |       |       |       |   119 |   351 |   197 |   154 |       ||   821
       Fireball          |       |       |       |       |       |    21 |    27 |    62 |       ||   110
       Iskenderun's Batt |       |       |       |       |       |       |    76 |       |       ||    76
       Aura of Abjuratio |       |       |       |       |       |       |    17 |     5 |     1 ||    23
       Spellforged Servi |       |       |       |       |       |       |    69 |   105 |       ||   174
       Orb of Destructio |       |       |       |       |       |       |    48 |   202 |     1 ||   251
       Passage of Golubr |       |       |       |       |       |       |     2 |       |       ||     2
       Apportation       |       |       |       |       |       |       |     1 |    22 |       ||    23
       Deflect Missiles  |       |       |       |       |       |       |       |     4 |       ||     4
       Tornado           |       |       |       |       |       |       |       |    11 |     5 ||    16
Invok: Call Merchant     |       |       |     2 |       |     3 |     1 |     1 |     5 |       ||    12
Evoke: Wand              |       |     2 |    13 |     5 |     1 |    11 |     4 |    15 |       ||    51
       Stone of tremors  |       |       |     1 |     1 |     1 |       |     1 |     1 |       ||     5
       Rod               |       |       |       |     4 |     2 |       |       |       |       ||     6
       Sack of spiders   |       |       |       |       |       |       |     7 |       |       ||     7
       Fan of gales      |       |       |       |       |       |       |     2 |     1 |       ||     3
       Phial of floods   |       |       |       |       |       |       |       |     1 |       ||     1
  Use: Scroll            |    11 |     6 |    13 |    18 |    10 |    15 |    22 |    16 |     1 ||   112
       Potion            |     2 |     5 |     4 |     5 |     1 |     3 |     8 |     1 |       ||    29
 Stab: Invisible         |     2 |       |       |     2 |       |       |       |       |       ||     4
       Sleeping          |       |     3 |     1 |       |       |       |       |       |       ||     4
       Paralysed         |       |       |     9 |       |       |       |       |       |       ||     9
       Confused          |       |       |     4 |    46 |     8 |       |       |       |       ||    58
       Distracted        |       |       |     1 |       |       |       |       |       |       ||     1
       Held in net/web   |       |       |       |       |       |       |       |     1 |       ||     1
  Eat: Chunk             |     4 |    11 |       |       |       |       |       |       |       ||    15
       Fruit             |     1 |     8 |     6 |    13 |     3 |     5 |     6 |     5 |       ||    47
       Beef jerky        |       |     1 |       |     4 |     1 |     3 |     4 |     6 |       ||    19
       Bread ration      |       |       |     2 |     3 |     7 |     6 |     8 |     4 |       ||    30
       Pizza             |       |       |     1 |     2 |     3 |     2 |     3 |       |       ||    11
       Royal jelly       |       |       |       |     9 |     1 |     2 |     1 |       |       ||    13
       Meat ration       |       |       |       |       |     1 |     4 |       |     3 |       ||     8
Armor: Robe              |    30 |    39 |    12 |       |       |       |       |       |       ||    81
       Skin              |       |       |    35 |       |       |       |       |       |       ||    35
       Leather armour    |       |       |    36 |   144 |    84 |    26 |    56 |    35 |    10 ||   391
       Shadow dragon arm |       |       |       |     9 |       |       |       |       |       ||     9
Dodge: Dodged            |    78 |    76 |   130 |   288 |   190 |    85 |   142 |   120 |    24 ||  1133
       Deflected         |       |     2 |       |     7 |    10 |    24 |    16 |    40 |     1 ||   100
Block: Buckler           |       |       |       |   168 |    80 |       |       |       |       ||   248
       Shield            |       |       |       |       |    10 |   258 |   348 |   253 |    38 ||   907
